 Dungeon Crawl Stone Soup version 0.28.0-53-g5a82cb258f (webtiles) character file.

Game seed: 10198370025681222335

2125 Peloso the Carver (level 9, -6/78 HPs)
             Began as a Minotaur Fighter on Aug 6, 2022.
             Was a Believer of Okawaru.
             Mangled by a troll (7 damage)
             ... on level 6 of the Dungeon.
             The game lasted 00:11:27 (5406 turns).

Peloso the Carver (Minotaur Fighter)                Turns: 5406, Time: 00:11:28

Health: -6/78      AC: 16    Str: 22    XL:     9   Next: 8%
Magic:  8/8        EV:  7    Int:  5    God:    Okawaru [**....]
Gold:   280        SH:  5    Dex: 13    Spells: 8/8 levels left

rFire   . . .      SeeInvis .   a - +0 long sword
rCold   . . .      Faith    .   c - +0 buckler
rNeg    + . .      Spirit   .   s - +0 plate armour
rPois   .          Reflect  .   (helmet restricted)
rElec   .          Harm     .   v - +2 cloak
rCorr   .          Rampage  .   (no gloves)
Will    +....                   (no boots)
Stlth   ..........              (no amulet)
HPRegen 0.23/turn               h - ring of willpower
MPRegen 0.11/turn               o - ring of positive energy

@: on berserk cooldown
A: horns 2, retaliatory headbutt
a: Renounce Religion, Heroism


You were on level 6 of the Dungeon.
You worshipped Okawaru.
Okawaru was pleased with you.
You visited 2 branches of the dungeon, and saw 7 of its levels.

You collected 280 gold pieces.

Inventory:

Hand Weapons
 a - a +0 long sword (weapon)
 b - a +0 whip of flaming
Armour
 c - a +0 buckler (worn)
 s - a +0 plate armour (worn)
 v - a +2 cloak (worn)
Jewellery
 e - a ring of fire
 h - a ring of willpower (left hand)
 n - an amulet of faith
 o - a ring of positive energy (right hand)
Wands
 q - a wand of digging (6)
 t - a wand of acid (10)
Scrolls
 g - a scroll of fog {unknown}
 i - 2 scrolls of noise
 k - 3 scrolls of teleportation
 l - a scroll of enchant armour {unknown}
 m - 2 scrolls of enchant weapon {unknown}
Potions
 d - 3 potions of might
 f - a potion of curing


   Skills:
 + Level 6.7 Fighting
 + Level 9.4 Long Blades
 + Level 7.6 Armour
 + Level 2.0 Dodging
 + Level 1.2 Stealth
 + Level 6.9 Shields
 + Level 0.1 Invocations


You had 8 spell levels left.
You didn't know any spells.
Your spell library contained the following spells:

 Spells                   Type           Power      Damage    Failure   Level
 Blink                    Tloc           0%         N/A       100%        2
 Lesser Beckoning         Tloc           0%         N/A       100%        3
 Manifold Assault         Tloc           0%         N/A       100%        5


Dungeon Overview and Level Annotations

Branches:
Dungeon (6/15)             Temple (1/1) D:4

Altars:
Ashenzari
Cheibriados
Dithmenos
Fedhas
Gozag
Hepliaklqana
Kikubaaqudgha
Makhleb
Nemelex Xobeh
Okawaru
Ru
Trog
Vehumet
Zin
Lugonu


Innate Abilities, Weirdness & Mutations

You have a pair of horns on your head.
You reflexively headbutt those who attack you in melee.


Message History

Okawaru accepts your kill.
You are no longer berserk.
You are exhausted.
You feel yourself slow down.
f - a potion of curing
Things that are here:
a +0 whip of flaming; a +1 robe of willpower You start resting.
You hear the slow hiss of a very distant avalanche of sand.
Unknown command.
Things that are here:
a +0 whip of flaming; a +1 robe of willpower You drop a +0 scale mail.
Things that are here:
a +0 whip of flaming; a +1 robe of willpower
b - a +0 whip of flaming You see here a +0 scale mail.
Things that are here:
a +0 giant spiked club; a scorpion corpse; a black bear corpse A troll comes into view.
A phantom and an orc wizard come into view.
The troll shouts!
The orc wizard shouts!
You hear a shout!
A gnoll comes into view. It is wielding a +0 halberd.
The orc wizard casts a spell.
The orc wizard flickers and vanishes!
Deactivating autopickup; reactivate with Ctrl-A.
Aiming: Corrosive Bolt
Press: ? - help, Shift-Dir - straight line, f - troll
Aim: a troll (71% to hit)
The bolt of acid hits the troll!
The acid corrodes the troll!
The troll is moderately wounded.
The bolt of acid hits the phantom!
The phantom is moderately damaged.
The bolt of acid hits something.
You feel yourself speed up.
You hear a shout! x2
The troll bites you!
* * * LOW HITPOINT WARNING * * *
The troll claws you!
You die...

############ ##..........##
##............## ####
#........?.....# ##...#
####..............# ......#
#.)[[.............#
.......###.##..............#
.........WT@................
.......#.........<..........
............................
#...#.............####.##...
. ...#..###........# #..#...
..#..$#...!..##.##..###.#...
#...#.....#....# #...#.....
#. .#...........# ##.##....
. .. .....#...... ......


You could see a troll (corroded) and a phantom.

Vanquished Creatures
  Pikel (D:6)
  A shadow (D:6)
  Sigmund (D:2)
  A steam dragon (D:6)
  A black bear (D:6)
  3 ogres
  A lemure (D:6)
  3 phantoms
  A kobold brigand (D:5)
  A scorpion (D:6)
  A howler monkey (D:5)
  2 jellies
  3 hounds
  A bullfrog skeleton (D:6)
  Jessica (D:3)
  Ijyb (D:5)
  An iguana (D:4)
  Natasha (thrice) (D:3)
  An orc wizard (D:4)
  Terence (D:2)
  4 adders
  3 ufetubi
  An adder skeleton (D:4)
  A worm (D:3)
  2 dart slugs (D:5)
  3 orcs (D:4)
  6 ball pythons
  4 bats
  4 endoplasms
  4 giant cockroaches
  4 hobgoblins
  10 jackals
  26 kobolds
  2 quokkas
  2 frilled lizards
  11 goblins
  6 rats
122 creatures vanquished.

Vanquished Creatures (others)
  48 plants
48 creatures vanquished.

Grand Total: 170 creatures vanquished

Notes
Turn   | Place    | Note
-------+----------+-------------------------------------------
     0 | D:1      | Peloso the Minotaur Fighter began the quest for the Orb.
     0 | D:1      | Reached XP level 1. HP: 19/19 MP: 0/0
    89 | D:1      | Found a faded altar of an unknown god.
   401 | D:1      | Reached XP level 2. HP: 27/27 MP: 1/1
   758 | D:2      | Found a shadowy altar of Dithmenos.
  1036 | D:2      | Reached XP level 3. HP: 32/33 MP: 2/2
  1060 | D:2      | Noticed Terence
  1069 | D:2      | Killed Terence
  1070 | D:2      | Reached skill level 3 in Long Blades
  1200 | D:2      | Noticed Sigmund
  1214 | D:2      | Killed Sigmund
  1215 | D:2      | Reached skill level 4 in Long Blades
  1215 | D:2      | Reached XP level 4. HP: 7/41 MP: 3/3
  1215 | D:2      | Reached XP level 5. HP: 8/47 MP: 4/4
  1701 | D:3      | Noticed Natasha
  1708 | D:3      | Killed Natasha
  1709 | D:3      | Reached skill level 5 in Armour
  1720 | D:3      | Found a broken altar of Ashenzari.
  1855 | D:3      | Noticed Jessica
  1861 | D:3      | Killed Jessica
  1862 | D:3      | Reached XP level 6. HP: 53/53 MP: 5/5
  1889 | D:3      | Noticed Natasha
  1897 | D:3      | Killed Natasha
  1898 | D:3      | Reached skill level 5 in Long Blades
  1972 | D:3      | Noticed Natasha
  1978 | D:3      | Killed Natasha
  2007 | D:3      | Found a glowing silver altar of Zin.
  2008 | D:3      | Found a sparkling altar of Nemelex Xobeh.
  2073 | D:3      | Found a blossoming altar of Fedhas.
  2077 | D:3      | Found an ancient bone altar of Kikubaaqudgha.
  2252 | D:4      | Reached skill level 1 in Dodging
  2307 | D:4      | Reached skill level 1 in Stealth
  2593 | D:4      | Reached skill level 6 in Long Blades
  2593 | D:4      | Reached XP level 7. HP: 37/60 MP: 6/6
  2803 | D:4      | Reached skill level 5 in Fighting
  2882 | D:4      | Found a staircase to the Ecumenical Temple.
  2897 | Temple   | Entered the Ecumenical Temple
  2920 | Temple   | Became a worshipper of Warmaster Okawaru
  3827 | D:5      | Entered Level 5 of the Dungeon
  3832 | D:5      | Noticed Ijyb
  3846 | D:5      | Killed Ijyb
  3847 | D:5      | Reached skill level 5 in Shields
  3876 | D:5      | Reached skill level 7 in Long Blades
  4072 | D:5      | HP: 3/61 [poisoned by a kobold]
  4491 | D:5      | Found a radiant altar of Vehumet.
  4601 | D:5      | Reached XP level 8. HP: 59/69 MP: 7/7
  5036 | D:5      | Found a bloodstained altar of Trog.
  5316 | D:6      | Reached * piety under Okawaru
  5342 | D:6      | Reached skill level 8 in Long Blades
  5342 | D:6      | Noticed Pikel
  5370 | D:6      | Killed Pikel
  5370 | D:6      | Reached ** piety under Okawaru
  5371 | D:6      | Reached skill level 9 in Long Blades
  5371 | D:6      | HP: 5/106 [something (19)]
  5377 | D:6      | Reached XP level 9. HP: 7/78 MP: 8/8
  5400 | D:6      | Noticed a troll
  5406 | D:6      | HP: 1/78 [troll (13)]
  5406 | D:6      | Mangled by a troll

Illustrated notes

Levels and vault maps discovered:
D:1:      tarquinn_simple_flora_water_e, layout_basic, basic_ecumenical_altar,
          minmay_misc_feat_ornament, serial_bayou_pond_a
D:2:      layout_rooms, basic_altar, kennysheep_nub, uniq_terence, uniq_sigmund
D:3:      layout_basic, grunt_temple_overflow_growth_and_decay,
          nicolae_ashenzari_skybound, grunt_temple_overflow_open,
          minmay_box_of_dots, uniq_natasha, uniq_jessica
D:4:      layout_loops_ring, minmay_temple_entry_tees, serial_rivers,
          chequers_serial_rivers_large_b, chequers_serial_rivers_room_b,
          chequers_serial_rivers_room_a, chequers_serial_rivers_micro_b
D:5:      kennysheep_kobold_camp, layout_loops_ring, trog_hazing_becter,
          nicolae_vehumet_altar_sigil, minmay_misc_feat_square, uniq_ijyb
D:6:      cheibrodos_fzero, layout_rooms, kennysheep_little_box,
          enter_ossuary_2, serial_shops, shop, uniq_duvessa, uniq_pikel
Temple:   corrupted_temple

Skill      XL: |  1  2  3  4  5  6  7  8 |
---------------+-------------------------+-----
Armour         | 4 5 6 7 |  7.6
Shields        | 4 5 6 |  6.9
Fighting       | 4 5 6 |  6.7
Long Blades    | 4 6 7 9 |  9.4
Dodging        | 1 2 |  2.0
Stealth        | 1 |  1.2
Invocations    | |  0.1

Action                   |  1- 3 |  4- 6 |  7- 9 || total
-------------------------+-------+-------+-------++-------
Melee: Long sword        |    66 |    63 |   198 ||   327
       Headbutt          |    10 |    10 |    40 ||    60
Invok: Heroism           |       |       |     1 ||     1
Evoke: Wand              |       |       |     1 ||     1
  Use: Potion            |     1 |       |     5 ||     6
       Scroll            |       |       |     6 ||     6
Armor: Scale mail        |    32 |    20 |     1 ||    53
       Plate armour      |       |       |   200 ||   200
Dodge: Dodged            |    36 |    26 |    89 ||   151
Block: Buckler           |    13 |     9 |    93 ||   115
